 Dungeon Crawl Stone Soup version 0.21-a0-578-gc6e9d75 (webtiles) character file.

8595 Alarkh the Twirler (level 11, -6/86 HPs)
             Began as a Demonspawn Necromancer on Dec 18, 2017.
             Was a Priest of Cheibriados.
             Engulfed by an ice statue's freezing vapour (24 damage)
             ... in an ice cave.
             The game lasted 00:34:52 (17500 turns).

Alarkh the Twirler (Demonspawn Necromancer)        Turns: 17500, Time: 00:34:53

Health: -6/86      AC: 12    Str: 15    XL:     11   Next: 12%
Magic:  8/20       EV: 16    Int: 28    God:    Cheibriados [***...]
Gold:   386        SH:  0    Dex: 20    Spells: 1/22 levels left

rFire    . . .     SeeInvis .   w - +1 quarterstaff
rCold    . . .     Gourm    .   (shield currently unavailable)
rNeg     + . .     Faith    .   a - +0 robe
rPois    +         Spirit   .   h - +0 hat
rElec    .         Reflect  .   K - +2 cloak {rPois}
rCorr    .         Harm     .   u - +0 pair of gloves
MR       .....                  v - +1 pair of boots
Stlth    ++........             (no amulet)
HPRegen  0.24/turn              G - ring of positive energy
MPRegen  0.17/turn              (no ring)

@: very slightly contaminated, very slow
A: talons 2, rugged brown scales 3, powered by death 2, rot immunity
a: Bend Time, Temporal Distortion, Renounce Religion


You were in an ice cave.
You worshipped Cheibriados.
Cheibriados was most pleased with you.
You were hungry.

You visited 2 branches of the dungeon, and saw 11 of its levels.
You also visited: Sewer, Ossuary and Ice Cave.

You collected 700 gold pieces.
You spent 314 gold pieces at shops.

Inventory:

Hand Weapons
 j - a +0 dagger
 w - a +1 quarterstaff (weapon)
 D - a +0 broad axe of freezing
Armour
 a - a +0 robe (worn)
 h - a +0 hat (worn)
 u - a +0 pair of gloves (worn)
 v - a +1 pair of boots (worn)
 C - the +2 robe of Zoto {-Cast Int+7}
   (You bought it in a shop on level 6 of the Dungeon)

   It affects your intelligence (+7).
   It prevents spellcasting.
 K - a +2 cloak of poison resistance (worn)
Jewellery
 G - a ring of positive energy (left hand)
 L - an uncursed ring of teleportation
Wands
 x - a wand of random effects (12)
Scrolls
 e - a scroll of identify
 f - 2 scrolls of enchant armour
 k - 6 scrolls of remove curse
 l - 4 scrolls of enchant weapon
 o - 2 scrolls of fog
 q - 4 scrolls of immolation
 t - 3 scrolls of blinking
 I - a scroll of holy word {unknown}
Potions
 d - 2 potions of might
 i - 4 potions of curing
 m - a potion of haste
 n - 3 potions of resistance
 p - a potion of agility
 r - a potion of flight
 s - 6 potions of brilliance
 z - 2 potions of lignification
 A - a potion of heal wounds
 B - a potion of invisibility {unknown}
 M - a potion of ambrosia {unknown}
Books
 b - a book of Necromancy

   Spells                             Type                      Level
   a - Pain                           Necromancy                   1
   b - Animate Skeleton               Necromancy                   1
   c - Vampiric Draining              Necromancy                   3
   d - Regeneration                   Charms/Necromancy            3
   e - Animate Dead                   Necromancy                   4
   f - Control Undead                 Necromancy                   4
 y - a book of Minor Magic

   Spells                             Type                      Level
   a - Magic Dart                     Conjuration                  1
   b - Blink                          Translocation                2
   c - Call Imp                       Summoning                    2
   d - Slow                           Hexes                        2
   e - Conjure Flame                  Conjuration/Fire             3
   f - Mephitic Cloud                 Conjuration/Poison/Air       3
 E - a book of Maledictions

   Spells                             Type                      Level
   a - Corona                         Hexes                        1
   b - Ensorcelled Hibernation        Hexes/Ice                    2
   c - Confuse                        Hexes                        3
   d - Tukima's Dance                 Hexes                        3
   e - Dazzling Spray                 Conjuration/Hexes            3
 F - a book of Cantrips

   Spells                             Type                      Level
   a - Confusing Touch                Hexes                        1
   b - Animate Skeleton               Necromancy                   1
   c - Summon Small Mammal            Summoning                    1
   d - Apportation                    Translocation                1
 H - a book of Conjurations

   Spells                             Type                      Level
   a - Magic Dart                     Conjuration                  1
   b - Searing Ray                    Conjuration                  2
   c - Dazzling Spray                 Conjuration/Hexes            3
   d - Fulminant Prism                Conjuration/Hexes            4
   e - Force Lance                    Conjuration/Translocation    4
   f - Iskenderun's Mystic Blast      Conjuration                  4
Comestibles
 c - 22 rations


   Skills:
 + Level 5.8 Fighting
 * Level 7.8 Staves
 + Level 5.2 Armour
 + Level 5.7 Dodging
 - Level 1.7 Stealth
 + Level 6.3 Spellcasting
 + Level 3.7 Conjurations
 - Level 7.7 Necromancy
 + Level 3.4 Fire Magic
 + Level 4.2 Invocations


You had one spell level left.
You knew the following spells:

 Your Spells              Type           Power        Failure   Level  Hunger
a - Iskenderun's Mystic   Conj           ####....     12%         4    ###....
b - Blink                 Tloc           N/A          9%          2    None
c - Regeneration          Chrm/Necr      ####......   3%          3    None
d - Control Undead        Necr           ######....   2%          4    ###....
e - Conjure Flame         Conj/Fire      ####....     4%          3    None
f - Apportation           Tloc           #.....       6%          1    None
g - Pain                  Necr           ####         1%          1    None
r - Vampiric Draining     Necr           ######....   1%          3    None


Dungeon Overview and Level Annotations

Branches:
Dungeon (10/15)            Temple (0/1) D:6             Orc (1/2) D:9
   Lair: D:8-11

Altars:
Cheibriados
Elyvilon
Gozag
Qazlal
Ru
Vehumet
Wu Jian
Xom
Yredelemnul

Shops:
D:5 (   D:6 ([   D:7 [?*

Annotations:
D:8 DrHerr's ghost, novice HOFi
D:9 1 exclusion IceCv exclusion: ice statue


Innate Abilities, Weirdness & Mutations

You have razor-sharp toenails.
You are completely covered in rugged brown scales. (AC +3, +7% HP)
You regenerate health from kills.
You are immune to rotting.


Message History

Confirm with . or Enter, or press ? or * to list all spells.
Aiming: Iskenderun's Mystic Blast
Press: ? - help, Shift-Dir - straight line, f/p - ice statue
Aim: an ice statue (heavily damaged)
The orb of energy hits the ice statue.
The ice statue is heavily damaged.
The ice statue gestures at you. The freezing blast engulfs you!
You are engulfed in freezing vapours.
Casting: Iskenderun's Mystic Blast
Confirm with . or Enter, or press ? or * to list all spells.
You miscast Blink.
You are very lightly contaminated with residual magic.
Nothing appears to happen.
You are engulfed in freezing vapours.
* * * LOW HITPOINT WARNING * * *
Casting: Blink
Confirm with . or Enter, or press ? or * to list all spells.
You miscast Blink.
Strange energies run through your body.
You are engulfed in freezing vapours.
You die...

##..÷...#
##...##..# ###
###...##...# ..
##...####..## .8
#...####...# #.
##..# #....# #§.
#..####..∩#
#.§####..##∩..##
#§§#@.§).#####
#§.§#.## #######


There were no monsters in sight!

Vanquished Creatures
  A two-headed ogre (D:8)
  Nergalle (D:10)
  A cyclops (D:9)
  Maurice (Orc:1)
  2 rime drakes (Orc:1)
  A hornet (D:9)
  The ghost of Ketzopolo the Slasher, an amateur DsBe of Trog (D:4)
  A polar bear (IceCv)
  A hippogriff (D:9)
  Eustachio (D:5)
  A spriggan (D:7)
  5 yaks (D:9)
  An orc warrior (D:9)
  An ice beast (D:5)
  2 sky beasts (D:10)
  2 ogres
  2 wolves (IceCv)
  3 centaurs
  A crocodile (D:10)
  A big kobold (D:9)
  7 bullfrogs
  A wyvern zombie (D:6)
  A wyvern skeleton (D:9)
  8 scorpions
  2 wights (D:9)
  7 crimson imps
  2 human zombies (Ossuary)
  3 quasits
  A jelly (D:8)
  2 centaur zombies
  An orc priest (Orc:1)
  3 gnoll shamans
  4 hounds
  4 orc wizards
  2 bullfrog skeletons
  2 centaur skeletons
  4 iguanas
  Natasha (thrice) (D:2)
  8 worker ants
  A big kobold zombie (Ossuary)
  A hound skeleton (D:8)
  3 mummies (Ossuary)
  2 howler monkey zombies (D:5)
  A worker ant zombie (D:10)
  14 gnolls
  2 scorpion zombies (Ossuary)
  14 adders
  A river rat (D:5)
  A shadow imp (D:10)
  12 oozes
  5 worms
  13 leopard geckos
  24 orcs
  12 ball pythons
  4 bats
  15 giant cockroaches
  3 gnoll zombies (Ossuary)
  5 goblins
  8 hobgoblins
  5 jackals
  10 kobolds
  3 quokkas
  A ball python skeleton (D:4)
  11 frilled lizards
  4 kobold zombies (Ossuary)
  2 leopard gecko skeletons
  3 orc zombies (Ossuary)
  2 quokka skeletons
  19 rats
  A fungus (D:1)
297 creatures vanquished.

Vanquished Creatures (collateral kills)
  The ghost of Feta the Destroyer, a novice DrCj (D:6)
  3 scorpions (Ossuary)
  3 wights (D:9)
  A scorpion zombie (Ossuary)
  3 gnoll zombies (Ossuary)
  A kobold zombie (Ossuary)
  An orc zombie (Ossuary)
13 creatures vanquished.

Vanquished Creatures (others)
  A scorpion (Ossuary)
  A goblin (D:2)
  A quokka (D:2)
3 creatures vanquished.

Grand Total: 313 creatures vanquished

Notes
Turn   | Place    | Note
-------+----------+-------------------------------------------
     0 | D:1      | Alarkh the Demonspawn Necromancer began the quest for the Orb.
     0 | D:1      | Reached XP level 1. HP: 13/13 MP: 3/3
   548 | D:1      | Gained mutation: You are partially covered in rugged brown scales. (AC +1, +3% HP) [demonic ancestry]
   548 | D:1      | Reached XP level 2. HP: 11/19 MP: 0/5
  1954 | D:2      | Gained mutation: You are mostly covered in rugged brown scales. (AC +2, +5% HP) [demonic ancestry]
  1954 | D:2      | Reached XP level 3. HP: 17/25 MP: 2/7
  1956 | D:2      | Reached skill level 5 in Necromancy
  1961 | D:2      | Learned a level 3 spell: Vampiric Draining
  1965 | D:2      | Learned a level 3 spell: Regeneration
  2204 | D:2      | Found a white marble altar of Elyvilon.
  2443 | D:2      | Noticed Natasha
  2456 | D:2      | Killed Natasha
  2671 | D:2      | Found a snail-covered altar of Cheibriados.
  3042 | D:2      | Gained mutation: You regenerate a little health from kills. [demonic ancestry]
  3042 | D:2      | Reached XP level 4. HP: 23/31 MP: 4/8
  4141 | D:2      | Noticed Natasha
  4154 | D:2      | Killed Natasha
  4402 | D:2      | Noticed Natasha
  4407 | D:2      | Killed Natasha
  4407 | D:2      | Reached XP level 5. HP: 11/36 MP: 1/10
  5472 | D:3      | Found a shimmering altar of Xom.
  5604 | D:3      | Learned a level 4 spell: Control Undead
  5610 | D:4      | Noticed Ketzopolo's ghost (amateur DsBe)
  5844 | D:4      | Found a sand-covered staircase.
  5884 | Ossuary  | Entered an ossuary
  6045 | Ossuary  | Gained mutation: You have sharp toenails. [demonic ancestry]
  6045 | Ossuary  | Reached XP level 6. HP: 26/43 MP: 1/12
  6273 | Ossuary  | Reached skill level 5 in Spellcasting
  6453 | Ossuary  | Gained mutation: You have razor-sharp toenails. [demonic ancestry]
  6453 | Ossuary  | Reached XP level 7. HP: 20/48 MP: 0/14
  6892 | D:4      | Learned a level 2 spell: Blink
  6896 | D:4      | Learned a level 3 spell: Conjure Flame
  6994 | D:4      | Killed Ketzopolo's ghost
  6994 | D:4      | Reached skill level 1 in Fighting
  6994 | D:4      | Reached skill level 1 in Staves
  7144 | D:4      | Reached skill level 1 in Armour
  7274 | D:5      | Entered Level 5 of the Dungeon
  7425 | D:5      | Gained mutation: You are completely covered in rugged brown scales. (AC +3, +7% HP) [demonic ancestry]
  7425 | D:5      | Reached XP level 8. HP: 36/57 MP: 2/16
  7426 | D:5      | Found Ozesm's Antique Weapon Shoppe.
  7494 | D:5      | Noticed Eustachio
  7605 | D:5      | Found a stormy altar of Qazlal.
  7698 | D:5      | Found a glowing drain.
  7716 | Sewer    | Entered a sewer
  8403 | D:5      | Killed Eustachio
  9042 | D:6      | Found Gogug's Antique Armour Boutique.
  9045 | D:6      | Bought a heavily jewelled robe for 142 gold pieces
  9055 | D:6      | Identified the +2 robe of Zoto {-Cast Int+7} (You bought it in a shop on level 6 of the Dungeon)
  9078 | D:6      | Noticed Feta's ghost (novice DrCj)
  9105 | D:6      | Killed Feta's ghost
  9242 | D:6      | Gained mutation: You are immune to rotting. [demonic ancestry]
  9242 | D:6      | Reached XP level 9. HP: 61/68 MP: 17/17
  9322 | D:6      | Found Plog's Weapon Emporium.
  9611 | D:6      | Found a staircase to the Ecumenical Temple.
  9831 | D:6      | Found an opulent altar of Gozag.
 10194 | D:4      | Learned a level 1 spell: Apportation
 10294 | D:7      | Reached skill level 5 in Staves
 10553 | D:7      | Found Umuotox's Assorted Antiques.
 10563 | D:7      | Bought a glass ring for 130 gold pieces
 10610 | D:7      | Found Kidasude's Magic Scroll Emporium.
 10662 | D:7      | Bought a scroll of magic mapping for 42 gold pieces
 10756 | D:2      | Became a worshipper of Cheibriados the Contemplative
 10840 | D:7      | Found Coekav's Armour Emporium.
 10989 | D:7      | Found a basalt altar of Yredelemnul.
 11268 | D:8      | Noticed a two-headed ogre
 11572 | D:8      | Was placed under penance by Cheibriados
 11806 | D:8      | Noticed DrHerr's ghost (novice HOFi)
 11808 | D:8      | Was forgiven by Cheibriados
 12113 | D:8      | Killed a two-headed ogre
 12113 | D:8      | Reached skill level 1 in Conjurations
 12113 | D:8      | Reached skill level 1 in Fire Magic
 12837 | D:8      | Found a sacrificial altar of Ru.
 12839 | D:8      | Found a radiant altar of Vehumet.
 12839 | D:8      | Found an ornate altar of the Wu Jian Council.
 13011 | D:9      | Found a staircase to the Orcish Mines.
 13064 | D:9      | Reached * piety under Cheibriados
 13467 | D:9      | Gained mutation: You regenerate health from kills. [demonic ancestry]
 13467 | D:9      | Reached XP level 10. HP: 78/78 MP: 15/18
 13574 | D:9      | Reached skill level 1 in Invocations
 13599 | D:9      | Noticed a cyclops
 13785 | D:9      | Reached skill level 5 in Dodging
 13789 | D:9      | Reached skill level 5 in Fighting
 14081 | D:9      | Reached ** piety under Cheibriados
 14248 | D:10     | Entered Level 10 of the Dungeon
 14757 | D:9      | Found a white marble altar of Elyvilon.
 14937 | D:10     | Noticed a two-headed ogre
 15363 | D:10     | Noticed Nergalle
 15382 | D:10     | Killed Nergalle
 15389 | D:10     | Noticed a gargoyle
 15457 | D:9      | Killed a cyclops
 15457 | D:9      | Reached skill level 5 in Armour
 16511 | Orc:1    | Entered Level 1 of the Orcish Mines
 16511 | Orc:1    | Noticed Maurice
 16519 | Orc:1    | Killed Maurice
 16545 | D:9      | Reached XP level 11. HP: 75/86 MP: 2/20
 16566 | Orc:1    | Reached *** piety under Cheibriados
 16599 | Orc:1    | Found a frozen archway.
 16705 | IceCv    | Entered an ice cave
 16756 | IceCv    | Learned a level 4 spell: Iskenderun's Mystic Blast
 17500 | IceCv    | Engulfed by an ice statue's freezing vapour

Vault maps used:
D:1:      wheals_arrival_shading, grunt_decor_mini_mirrors,
          minmay_misc_feat_pillars, minmay_misc_feat_columns,
          serial_park_tiny_pond, minmay_gold_behind_fungi
D:2:      lemuel_doored_altar, elyvilon_altar_4, uniq_natasha
D:3:      lemuel_coloured_pillars_altar
D:4:      nicolae_ossuary_entry_false_entrances, first_ration
D:5:      nicolae_overflow_crystal_walls, portal_sewer_entry_e, serial_shops,
          nicolae_shop_window_shopping, minmay_misc_feat_hallway, uniq_eustachio
D:6:      grunt_gozag_breadcrumbs, minmay_temple_entry_statues_pillars,
          serial_shops, kennysheep_mini, kennysheep_mini_moat
D:7:      old_standard_altar, serial_shops, nicolae_shop_waterfront, shop,
          shop_statue, the_bakery, grunt_ministairs_15
D:8:      grunt_temple_overflow_diamond
D:9:      kennysheep_little_box, orc_0_dummy, st_stairs_4, hangedman_misty_isle
D:10:     nicolae_trove_entry_crystal, uniq_harold, uniq_urug, uniq_nergalle
Orc:1:    portal_ice_cave_rime, uniq_maurice
Sewer:    sewer_frog_island_02
Ossuary:  ossuary_minmay_scorpions
IceCv:    ice_cave_caverns_03

Skill      XL: |  1  2  3  4  5  6  7  8  9 10 11 |
---------------+----------------------------------+-----
Necromancy     | 5 6 7 |  7.7
Spellcasting   | 3 4 5 6 |  6.3
Fighting       | 1 3 4 5 |  5.8
Staves         | 2 4 6 7 |  7.8
Dodging        | 2 3 4 5 |  5.7
Armour         | 1 3 4 5 |  5.2
Conjurations   | 2 3 |  3.7
Fire Magic     | 1 3 |  3.4
Invocations    | 3 4 |  4.2
Stealth        | |  1.7

Action                   |  1- 3 |  4- 6 |  7- 9 | 10-12 || total
-------------------------+-------+-------+-------+-------++-------
Melee: Dagger            |    38 |       |       |       ||    38
       Unarmed           |     1 |       |       |       ||     1
       Quarterstaff      |       |    59 |   538 |   186 ||   783
 Cast: Pain              |    63 |    98 |   128 |    56 ||   345
       Vampiric Draining |       |    10 |    34 |    34 ||    78
       Control Undead    |       |     6 |     5 |       ||    11
       Regeneration      |       |     3 |       |     2 ||     5
       Conjure Flame     |       |       |    17 |    15 ||    32
       Blink             |       |       |     8 |     5 ||    13
       Iskenderun's Myst |       |       |       |    11 ||    11
Invok: Bend Time         |       |       |     1 |       ||     1
Evoke: Wand              |       |    15 |    15 |       ||    30
  Use: Scroll            |     2 |    11 |     7 |     6 ||    26
       Potion            |       |     2 |     1 |       ||     3
 Stab: Paralysed         |       |       |     5 |       ||     5
       Sleeping          |       |       |     3 |     2 ||     5
  Eat: Chunk             |     3 |     9 |    17 |     5 ||    34
       Ration            |     1 |     1 |     3 |       ||     5
Armor: Robe              |       |    47 |   356 |    51 ||   454
Dodge: Dodged            |    11 |    72 |   627 |   189 ||   899

Table legend:
 A = Spawn XP
 B = Non-spawn XP
 C = Spawn XP percentage of total XP
 D = Spawn monster count
 E = Non-spawn monster count
 F = Spawn count percentage of total count
 G = Total turns spent on level
                    A         B        C        D         E        F      G
               +---------+---------+-------+---------+---------+-------+---------
         Total |       0 |   12279 |   0.0 |       0 |     301 |   0.0 | 17500
               +---------+---------+-------+---------+---------+-------+---------
           D:1 |       0 |      26 |   0.0 |       0 |      14 |   0.0 |  2146
           D:2 |       0 |     170 |   0.0 |       0 |      25 |   0.0 |  2495
           D:3 |       0 |      58 |   0.0 |       0 |      20 |   0.0 |  1053
           D:4 |       0 |     503 |   0.0 |       0 |      17 |   0.0 |   933
           D:5 |       0 |     941 |   0.0 |       0 |      40 |   0.0 |  1026
           D:6 |       0 |     490 |   0.0 |       0 |      12 |   0.0 |  1111
           D:7 |       0 |     580 |   0.0 |       0 |       8 |   0.0 |  1077
           D:8 |       0 |    1563 |   0.0 |       0 |      22 |   0.0 |  1540
           D:9 |       0 |    3521 |   0.0 |       0 |      43 |   0.0 |  3171
          D:10 |       0 |    1809 |   0.0 |       0 |      14 |   0.0 |   344
         Orc:1 |       0 |    1352 |   0.0 |       0 |       6 |   0.0 |   179
         Sewer |       0 |     269 |   0.0 |       0 |      52 |   0.0 |   630
       Ossuary |       0 |     526 |   0.0 |       0 |      25 |   0.0 |  1000
         IceCv |       0 |     471 |   0.0 |       0 |       3 |   0.0 |   795
               +---------+---------+-------+---------+---------+-------+---------
